[Event "Grandmaster Tournament Blitz"]
[Site "Biel/Bienne, Switzerland"]
[Date "2019.07.27"]
[Round "1.1"]
[White "Bogner, Sebastian"]
[Black "Shankland, Sam"]
[Result "0-1"]
[ECO "D12"]
[WhiteElo "2584"]
[BlackElo "2660"]
[PlyCount "68"]
[EventDate "2019.??.??"]
[EventType "blitz"]
[TimeControl "3+2"]
[WhiteClock "0:00:33"]
[BlackClock "0:01:39"]

1. Nf3 d5 2. d4 Nf6 3. e3 Bf5 4. c4 c6 5. Nc3 e6 6. Bd3 Bxd3 7. Qxd3 Bb4 8. O-O O-O 9. Bd2 Ba5 10. a3 Nbd7 11. b4 Bc7 12. Rfd1 Nb6 13.
c5 Nc4 14. e4 Nb2 15. Qc2 Nxd1 16. Rxd1 Nxe4 17. Nxe4 dxe4 18.
Qxe4 Qd5 19. Qc2 Rad8 20. Re1 Rfe8 21. Bc3 h6 22. a4 a6 23. a5 Qf5 24. Qe2 Rd5 25. g3 Bd8 26. Kg2 Bf6 27. h3 Red8 28.
Qe3 h5 29. Re2 g5 30. Rd2 g4 31. hxg4 hxg4 32. Nh4 Bxh4 33. gxh4 e5 34. dxe5 Qf3+ 0-1

[Event "Grandmaster Tournament Blitz"]
[Site "Biel/Bienne, Switzerland"]
[Date "2019.07.27"]
[Round "1.4"]
[White "Abdusattorov, Nodirbek"]
[Black "Maghsoodloo, Parham"]
[Result "1/2-1/2"]
[ECO "A85"]
[WhiteElo "2550"]
[BlackElo "2719"]
[PlyCount "142"]
[EventDate "2019.??.??"]
[EventType "blitz"]
[TimeControl "3+2"]
[WhiteClock "0:00:18"]
[BlackClock "0:00:07"]

1. d4 f5 2. c4 Nf6 3. g3 g6 4. Bg2 Bg7 5. Nc3 O-O 6. Nf3 b6 7. O-O Bb7 8. d5 Na6 9. Qc2 Nc5 10. b3 e6 11. dxe6 Nfe4 12. Bb2 dxe6 13. Rad1 Qe7 14. Nxe4 Bxe4 15. Qc1 e5 16. Bc3 a5 17. Qb2 Rae8 18. Rd2 Bc6 19. Rdd1 Ne4 20. Be1 Qc5 21. b4 Qxc4 22. bxa5 bxa5 23. Rc1 Qb5 24. Qxb5 Bxb5 25. Bxa5 c5 26. Nd2 Nxd2 27. Bxd2 e4 28. Rxc5 Bxe2 29. Re1 Bd3 30. a4 Rb8 31. Bc3 Bxc3 32. Rxc3 Rb2 33. Ra3 Rc8 34. Bf1 Rcc2 35. Bxd3 exd3 36. Rxd3 Rxf2 37. Re7 Rg2+ 38. Kf1
Rgd2 39. Rxd2 Rxd2 40. a5 Ra2 41. Ra7 Rxh2 42. a6 Ra2 43. Kg1 h5 44. Kf1 g5 45. Kg1 g4 46. Ra8+ Kg7 47.
a7 h4 48. gxh4 f4 49. Rb8 Rxa7 50. Rb4 Rf7 51. Rb5 Kh6 52. Rg5 Rg7 53. Rf5 f3 54. Kf2 Kg6 55. Rd5 Kf6 56. Kg3 Ke6 57. Ra5 Rf7 58. Ra2 Ke5 59. h5 Ke4 60. Ra4+ Ke3 61. Ra3+ Kd4 62. Ra4+ Kd3 63. Ra3+ Kc2 64. Ra2+ Kc1 65. Ra1+ Kd2 66. Ra2+ Kc3 67. Rh2 Kd3 68. h6 Rh7 69. Kxg4 Ke3 70. Rh3 Ke2 71. Rxf3 Rxh6 1/2-1/2

[Event "Grandmaster Tournament Blitz"]
[Site "Biel/Bienne, Switzerland"]
[Date "2019.07.27"]
[Round "2.1"]
[White "Shankland, Sam"]
[Black "Maghsoodloo, Parham"]
[Result "1/2-1/2"]
[ECO "B01"]
[WhiteElo "2660"]
[BlackElo "2719"]
[PlyCount "123"]
[EventDate "2019.??.??"]
[EventType "blitz"]
[TimeControl "3+2"]
[WhiteClock "0:00:21"]
[BlackClock "0:00:09"]

1. e4 d5 2. exd5 Qxd5 3. Nc3 Qd8 4. d4 g6 5. Bc4 Bg7 6. Nf3 Nf6 7. O-O O-O 8. Re1 a6 9. a4 Nc6 10. d5 Nb4 11. Bg5 h6 12. Bh4 c6 13.
dxc6 Nxc6 14. Qe2 Qb6 15. Bb3 Bg4 16. Bxf6 exf6 17. Nd5 Qc5 18. Rad1 f5 19. c3 Ne5 20. Qe3 Qxe3 21. Rxe3 Bxf3 22. gxf3 b5 23. axb5 axb5 24. f4 Nc4 25. Bxc4 bxc4 26. Nb6 Rab8 27. Nxc4 Rfc8 28. Nd6 Rd8 29. c4 Rxb2 30. c5 Rc2 31. Rd5 Bf8 32. Rb3 Ra8 33. Rb7 Raa2 34. Nxf7 Rxf2 35. Nxh6+ Bxh6 36. Rd8+ Bf8 37. Rbb8 Rg2+ 38. Kf1 Rxh2 39. Rxf8+ Kg7 40. Rg8+ Kf7 41. Rgf8+ Ke6 42. Kg1 Rhg2+ 43.
Kf1 Rgc2 44. Rfe8+ Kd5 45. Rbd8+ Kc4 46. c6 Kb5 47. Rb8+ Kxc6 48. Rbc8+ Kd5 49. Rcd8+ Kc6 50. Rc8+ Kd7 51. Rcd8+ Kc7 52. Rc8+ Kd6 53.
Rcd8+ Kc5 54. Rc8+ Kd4 55. Rcd8+ Kc3 56. Rc8+ Kd2 57.
Rxc2+ Rxc2 58. Re6 Kd3 59. Rxg6 Ke3 60. Rg3+ Kxf4 61. Ra3 Kg4 62. Rb3 1/2-1/2

[Event "Grandmaster Tournament Blitz"]
[Site "Biel/Bienne, Switzerland"]
[Date "2019.07.27"]
[Round "2.2"]
[White "Vidit, Santosh Gujrathi"]
[Black "Abdusattorov, Nodirbek"]
[Result "1/2-1/2"]
[ECO "D41"]
[WhiteElo "2694"]
[BlackElo "2550"]
[PlyCount "116"]
[EventDate "2019.??.??"]
[EventType "blitz"]
[TimeControl "3+2"]
[WhiteClock "0:00:07"]
[BlackClock "0:00:06"]

1. Nf3 Nf6 2. c4 c5 3. Nc3 d5 4. cxd5 Nxd5 5. d4 Nxc3 6.
bxc3 e6 7. e4 cxd4 8. cxd4 Bb4+ 9. Bd2 Bxd2+ 10. Qxd2 O-O 11. Bc4 Nd7 12. O-O Nf6 13. Rfe1 b6 14. Rad1 Bb7 15. Bd3 Rc8 16. d5 exd5 17. e5 Ne4 18. Qf4 Qe7 19. Nd4 g6 20.
h4 Rfe8 21. f3 Nc5 22. Qg3 Nxd3 23. Rxd3 Rc4 24. Nf5 Qc5+ 25. Kh2 Rc3 26. Rxc3 Qxc3 27. Re3 Qc5 28. Nh6+ Kg7 29. Qf4 Qe7 30. Kg3 Bc8 31. Rc3 Be6 32. Rc6 Rd8 33. Rd6 Rxd6 34. exd6 Qf6 35. Qxf6+ Kxf6 36. Kf4 Bd7 37. Ke3 Ke6 38. Kd4 f5 39. g4 fxg4 40. Nxg4 Kxd6 41. Nf6 h6 42. Nxd5 Bc6 43. Nf4 Bxf3 44. Nxg6 a5 45. Ne5 Bd5 46. a3 h5 47. Nd3 Bf7 48. Ne5 Be6 49. Nd3 b5 50. Nf4 Bf7 51. Nd3 Ke6 52.
Kc5 Be8 53. Nf4+ Ke5 54. Nxh5 b4 55. axb4 a4 56. Kc4 Bxh5 57. Kc3 a3 58. Kb3 Kd5 1/2-1/2

[Event "Grandmaster Tournament Blitz"]
[Site "Biel/Bienne, Switzerland"]
[Date "2019.07.27"]
[Round "2.4"]
[White "Bogner, Sebastian"]
[Black "Cori, Jorge"]
[Result "0-1"]
[ECO "C10"]
[WhiteElo "2584"]
[BlackElo "2558"]
[PlyCount "64"]
[EventDate "2019.??.??"]
[EventType "blitz"]
[TimeControl "3+2"]
[WhiteClock "0:00:10"]
[BlackClock "0:00:27"]

1. e4 e6 2. d4 d5 3. Nd2 dxe4 4. Nxe4 Nd7 5. Nf3 Ngf6 6. Nxf6+ Nxf6 7. Be3 Bd6 8. Bd3 b6 9. Qe2 Bb7 10. O-O-O Nd5 11. Bd2 Nf4 12. Bxf4 Bxf4+ 13. Kb1 Qe7 14. Be4 c6 15. Ne5 Rc8 16. Qf3 Bxe5 17. dxe5 O-O 18. Rd6 f5 19. Bd3 c5 20. Qg3 c4 21. Be2 f4 22. Qh3 Rc5 23. Rxe6 Qg5 24. Bf3 Bc8 25. Bg4 Bxe6 26. Bxe6+ Kh8 27. Rd1 Qxe5 28. a4 c3 29. b3 b5 30. axb5 f3 31. gxf3 Qe2 32. Qf1 Qxe6 0-1

[Event "Grandmaster Tournament Blitz"]
[Site "Biel/Bienne, Switzerland"]
[Date "2019.07.27"]
[Round "3.1"]
[White "Cori, Jorge"]
[Black "Shankland, Sam"]
[Result "0-1"]
[ECO "D12"]
[WhiteElo "2558"]
[BlackElo "2660"]
[PlyCount "82"]
[EventDate "2019.??.??"]
[EventType "blitz"]
[TimeControl "3+2"]
[WhiteClock "0:00:16"]
[BlackClock "0:00:13"]

1. d4 d5 2. Nf3 Nf6 3. c4 c6 4. e3 Bf5 5. Nc3 e6 6. Nh4 Be4 7. Qb3 Qc7 8. Bd2 Be7 9. Rc1 O-O 10.
cxd5 Bxd5 11. Nxd5 exd5 12. Nf5 Re8 13. Nxe7+ Qxe7 14. Bd3 Ne4 15. Bb4 Qg5 16. Bxe4 Rxe4 17. Bd6 Nd7 18. O-O Nb6 19. Bc7 Qe7 20. Bxb6 axb6 21. Qxb6 Rxa2 22. Ra1 Rxa1 23. Rxa1 g6 24. g3 h5 25. Ra7 Rxe3 26. fxe3 Qxe3+ 27. Kf1 Qf3+ 28. Ke1 Qh1+ 29. Kd2 Qxh2+ 30. Kc3 Qxg3+ 31. Kb4 Qe1+ 32. Ka3 h4 33. Qd8+ Kg7 34. Ra8 Kh6 35. Qf6 Qa1+ 36. Kb4 Qxa8 37. Qxh4+ Kg7 38. Kc5 Qa5+ 39. Kd6 Qb4+ 40. Kd7 Qxb2 41. Qf4 Qe2 0-1

[Event "Grandmaster Tournament Blitz"]
[Site "Biel/Bienne, Switzerland"]
[Date "2019.07.27"]
[Round "3.2"]
[White "Georgiadis, Nico"]
[Black "Bogner, Sebastian"]
[Result "0-1"]
[ECO "E60"]
[WhiteElo "2464"]
[BlackElo "2584"]
[PlyCount "60"]
[EventDate "2019.??.??"]
[EventType "blitz"]
[TimeControl "3+2"]
[WhiteClock "0:00:07"]
[BlackClock "0:01:28"]

1. Nf3 Nf6 2. b3 g6 3. Bb2 Bg7 4. g3 O-O 5. Bg2 c5 6. c4 Nc6 7. O-O d6 8. d4 Bf5 9. d5 Na5 10. Nbd2 a6 11. Nh4 Bd7 12. Qc2 b5 13. e4 Rb8 14. Rab1 e5 15. a3 Qc7 16. Bc3 b4 17.
axb4 cxb4 18. Bb2 Nb7 19. f4 Ng4 20. fxe5 dxe5 21. Qd3 Qc5+ 22. Kh1 Nf2+ 23. Rxf2 Qxf2 24. Rf1 Qb6 25. Nhf3 Nc5 26. Qc2 Qd6 27. Re1 a5 28. Nf1 a4 29. bxa4 Nxa4 30. Ba1 b3 0-1

[Event "Grandmaster Tournament Blitz"]
[Site "Biel/Bienne, Switzerland"]
[Date "2019.07.27"]
[Round "3.3"]
[White "Abdusattorov, Nodirbek"]
[Black "Leko, Peter"]
[Result "1-0"]
[ECO "D40"]
[WhiteElo "2550"]
[BlackElo "2743"]
[PlyCount "110"]
[EventDate "2019.??.??"]
[EventType "blitz"]
[TimeControl "3+2"]
[WhiteClock "0:00:20"]
[BlackClock "0:00:14"]

1. d4 Nf6 2. c4 e6 3. Nf3 d5 4. Nc3 c5 5. e3 Nc6 6. dxc5 Bxc5 7. a3 dxc4 8.
Qxd8+ Nxd8 9. Bxc4 a6 10. b4 Ba7 11. Bb2 b5 12. Bd3 Bb7 13.
Ke2 Nc6 14. Ne4 Nxe4 15. Bxe4 Nd4+ 16. Bxd4 Bxe4 17. Bxg7 Rg8 18. Be5 Ke7 19. Rac1 Rac8 20. Rhd1 Bd5 21. Bg3 Bb6 22. Nd2 Bxg2 23. f3 f5 24. Nb3 Bh3 25. Nc5 Bxc5 26. bxc5 Rc6 27. Bh4+ Kf7 28. Rd7+ Ke8 29. Re7+ Kf8 30. Rxh7 Rg7 31. Rxg7 Kxg7 32. Rg1+ Kf7 33. Rg3 Rxc5 34. Rxh3 Rc2+ 35. Kd3 Ra2 36. Bg5 Rxa3+ 37. Kc2 b4 38. Rh6 a5 39. Rf6+ Ke7 40. Rxf5+ Kd6 41. Rf8 a4 42. Rb8 Ra2+ 43. Kd3 b3 44. Bf6 Rxh2 45. f4 Kc6 46. Be5 Ra2 47. e4 Kc5 48.
f5 exf5 49. exf5 Kd5 50. f6 Rf2 51. Bc3 Rf3+ 52. Kd2 Kc4 53.
Rb4+ Kc5 54. Rxa4 b2 55. Bxb2 Kd5 1-0

[Event "Grandmaster Tournament Blitz"]
[Site "Biel/Bienne, Switzerland"]
[Date "2019.07.27"]
[Round "3.4"]
[White "Maghsoodloo, Parham"]
[Black "Vidit, Santosh Gujrathi"]
[Result "1/2-1/2"]
[ECO "C68"]
[WhiteElo "2719"]
[BlackElo "2694"]
[PlyCount "105"]
[EventDate "2019.??.??"]
[EventType "blitz"]
[TimeControl "3+2"]
[WhiteClock "0:00:12"]
[BlackClock "0:00:40"]

1. e4 e5 2. Nf3 Nc6 3. Bb5 a6 4. Bxc6 dxc6 5. d4 exd4 6.
Qxd4 Qxd4 7. Nxd4 Bd7 8. Nc3 O-O-O 9. Be3 Bb4 10. Nde2 f5 11.
O-O-O fxe4 12. Nxe4 Nf6 13. Nxf6 gxf6 14. Nf4 Bd6 15. h3 Rhg8 16. Rhg1 Bxf4 17. Bxf4 Be6 18. Rde1 Rde8 19. g4 Bf7 20. Be3 h5 21. gxh5 Bxh5 22. h4 Rxg1 23. Rxg1 Re4 24. Rg8+ Kd7 25. Rg7+ Kc8 26. Rh7 Rxh4 27. Kd2 b6 28. b4 a5 29. bxa5 bxa5 30. c3 Rh1 31.
Rh6 f5 32. Bf4 Bf3 33. Rf6 Rd1+ 34. Ke3 Be4 35. c4 Rd3+ 36. Ke2 Ra3 37. Rf7 Rxa2+ 38. Ke3 Ra3+ 39. Kd4 Rd3+ 40. Kc5 Rd7 41. Rxd7 Kxd7 42. Be5 a4 43. f4 a3 44. Kb4 a2 45. Ka3 Bb1 46. Kb2 Kc8 47. c5 Kb7 48. Ka1 Ka6 49. Bxc7 Kb5 50.
Bd6 Kc4 51. Kb2 Kd4 52. Ka1 Ke4 53. Kb2 {[%emt 0:
00:01] Ke5} 1/2-1/2

[Event "Grandmaster Tournament Blitz"]
[Site "Biel/Bienne, Switzerland"]
[Date "2019.07.27"]
[Round "4.1"]
[White "Shankland, Sam"]
[Black "Vidit, Santosh Gujrathi"]
[Result "0-1"]
[ECO "D38"]
[WhiteElo "2660"]
[BlackElo "2694"]
[PlyCount "78"]
[EventDate "2019.??.??"]
[EventType "blitz"]
[TimeControl "3+2"]
[WhiteClock "0:00:07"]
[BlackClock "0:00:09"]

1. d4 Nf6 2. c4 e6 3. Nf3 d5 4. Nc3 Bb4 5. cxd5 exd5 6. Bg5 h6 7. Bh4 O-O 8. e3 Bf5 9. Qb3 Bxc3+ 10. Qxc3 g5 11. Bg3 Ne4 12. Qa3 Re8 13.
Bd3 h5 14. Rc1 Nc6 15. O-O h4 16. Bxc7 Qxc7 17. Nxg5 Qd7 18. Nxe4 Bxe4 19. Bxe4 Rxe4 20. h3 Kh8 21. Rc5 Rg8 22. Kh1 Re6 23. Qb3 Rd6 24. e4 Ne7 25. Rfc1 Qe6 26. e5 Rb6 27. Qf3 Rxb2 28. Rc7 Nf5 29. Kh2 Qg6 30. Rd1 Rxa2 31.
Rxb7 a5 32. Rb5 a4 33. Rxd5 a3 34. Ra5 Qg5 35. Ra8 Rxa8 36. Qxa8+ Kg7 37. Qf3 Rb2 38. Qxa3 Rxf2 39. Rg1 Qf4+ 0-1

[Event "Grandmaster Tournament Blitz"]
[Site "Biel/Bienne, Switzerland"]
[Date "2019.07.27"]
[Round "4.2"]
[White "Leko, Peter"]
[Black "Maghsoodloo, Parham"]
[Result "1/2-1/2"]
[ECO "D24"]
[WhiteElo "2743"]
[BlackElo "2719"]
[PlyCount "66"]
[EventDate "2019.??.??"]
[EventType "blitz"]
[TimeControl "3+2"]
[WhiteClock "0:00:18"]
[BlackClock "0:00:10"]

1. d4 Nf6 2. c4 e6 3. Nf3 d5 4. Nc3 dxc4 5. e4 b5 6. e5 Nd5 7. Nxb5 Nb6 8. Be2 Nc6 9. O-O Be7 10. Qd2 O-O 11. Qf4 Nb4 12. Rd1 a5 13.
Qg4 Kh8 14. Nc3 f5 15. exf6 gxf6 16. b3 cxb3 17. axb3 Qd7 18. Qh5 Bb7 19. Rxa5 Rxa5 20. Qxa5 Rg8 21. Qh5 N6d5 22. Bd2 Nxc3 23. Bxc3 Nd5 24. Bd2 Bb4 25. Bxb4 Nf4 26. Qh6 Nxe2+ 27. Kf1 Qb5 28. Qxf6+ Rg7 29. Bf8 Nf4+ 30. Kg1 Nh3+ 31. Kh1 Nxf2+ 32. Kg1 Nh3+ 33. Kh1 Nf2+ 1/2-1/2

[Event "Grandmaster Tournament Blitz"]
[Site "Biel/Bienne, Switzerland"]
[Date "2019.07.27"]
[Round "4.3"]
[White "Bogner, Sebastian"]
[Black "Abdusattorov, Nodirbek"]
[Result "0-1"]
[ECO "C54"]
[WhiteElo "2584"]
[BlackElo "2550"]
[PlyCount "170"]
[EventDate "2019.??.??"]
[EventType "blitz"]
[TimeControl "3+2"]
[WhiteClock "0:00:04"]
[BlackClock "0:00:15"]

1. e4 e5 2. Nf3 Nc6 3. Bc4 Bc5 4. O-O Nf6 5. d3 d6 6. c3 a6 7. a4 Ba7 8. Re1 O-O 9. h3 h6 10. Nbd2 Re8 11. Nf1 Be6 12. Ng3 d5 13. exd5 Bxd5 14. Bxd5 Qxd5 15. Be3 Bxe3 16. Rxe3 Rad8 17. Qc2 Qd7 18. Rae1 Nd5 19. Re4 f6 20. Qb3 Na5 21. Qc2 Nc6 22. Qb3 Na5 23. Qc2 c5 24. d4 cxd4 25. cxd4 Rc8 26. Qd1 exd4 27. Rxd4 Rxe1+ 28. Nxe1 Rd8 29. Nc2 Nc6 30. Rd2 Qe6 31. Nd4 Nxd4 32. Rxd4 Rd7 33. Ne4 Nb6 34. Nc5 Rxd4 35. Qxd4 Qc6 36. b3 Nd5 37. Qc4 b5 38. axb5 axb5 39. Qc1 Ne7 40. Qe3 Nf5 41. Qc3 Qd5 42. b4 Nd4 43. Qd3 Qc4 44. Qxc4+ bxc4 45. Kf1 c3 46. Ke1 Nc2+ 47. Kd1 Nxb4 48. Ne4 c2+ 49. Kd2 Kf7 50. Nc5 Kg6 51. Nb3 Nd3 52. Kxc2 Nxf2 53. Kd2 Ne4+ 54. Ke2 Kf5 55. Nd4+ Ke5 56. Ke3 Nd6 57. Nf3+ Kd5 58. Kf4 Ke6 59. g4 g5+ 60. Ke3 Kd5 61. h4 Nc4+ 62. Kf2 Ne5 63.
hxg5 hxg5 64. Nh2 Ke4 65. Kg3 Nc4 66. Nf1 Kd3 67. Nh2 Nd2 68.
Kf2 Ke4 69. Kg3 Ke3 70. Kg2 Kf4 71. Kf2 Nc4 72. Kg2 Ne5 73.
Kh3 Nd3 74. Kg2 Nc5 75. Kh3 Nd7 76. Kg2 Nb6 77. Kh3 Nd5 78.
Nf1 Ne3 79. Nh2 Ke5 80. Kg3 Ke4 81. Nf3 Nc4 82. Ng1 Nd2 83.
Nh3 Ke3 84. Nf2 Ne4+ 85. Nxe4 Kxe4 0-1

[Event "Grandmaster Tournament Blitz"]
[Site "Biel/Bienne, Switzerland"]
[Date "2019.07.27"]
[Round "4.4"]
[White "Cori, Jorge"]
[Black "Georgiadis, Nico"]
[Result "1-0"]
[ECO "A85"]
[WhiteElo "2558"]
[BlackElo "2464"]
[PlyCount "79"]
[EventDate "2019.??.??"]
[EventType "blitz"]
[TimeControl "3+2"]
[WhiteClock "0:00:26"]
[BlackClock "0:00:05"]

1. d4 f5 2. Nf3 Nf6 3. c4 g6 4. e3 Bg7 5. Nc3 O-O 6. Be2 d6 7. b4 Qe8 8. O-O e5 9. dxe5 dxe5 10. Ba3 h6 11. b5 Rf7 12. Qb3 Kh7 13. Rfd1 e4 14. Nd4 Nbd7 15. Nd5 Ne5 16. Rac1 Be6 17. Nf4 Bd7 18. c5 c6 19. Bb2 g5 20. Nfe6 Nd5 21. Nxg7 Rxg7 22. bxc6 bxc6 23. Nb5 Rb8 24. Qa3 f4 25. Nd6 Qe6 26. Nxe4 fxe3 27. fxe3 Nxe3 28. Bxe5 Qxe5 29. Qxe3 Re7 30. Bd3 Kg7 31. Qg3 Bf5 32. Qxe5+ Rxe5 33. Nf2 Be6 34. Bc4 Bxc4 35. Rxc4 Re2 36. Re4 Rxa2 37. Re7+ Kf6 38. Rde1 Rbb2 39. R1e6+ Kf5 40. g4+ 1-0

[Event "Grandmaster Tournament Blitz"]
[Site "Biel/Bienne, Switzerland"]
[Date "2019.07.27"]
[Round "5.1"]
[White "Georgiadis, Nico"]
[Black "Shankland, Sam"]
[Result "0-1"]
[ECO "D17"]
[WhiteElo "2464"]
[BlackElo "2660"]
[PlyCount "88"]
[EventDate "2019.??.??"]
[EventType "blitz"]
[TimeControl "3+2"]
[WhiteClock "0:00:04"]
[BlackClock "0:00:15"]

1. d4 d5 2. c4 c6 3. Nf3 Nf6 4. Nc3 dxc4 5. a4 Bf5 6. Ne5 e6 7. f3 Bb4 8. Nxc4 O-O 9. Kf2 c5 10. e4 Bg6 11. Be3 cxd4 12. Qxd4 Nc6 13. Qxd8 Rfxd8 14. Be2 Nd4 15. Rac1 a6 16. Na2 Bc5 17. a5 Nd7 18. b4 Ba7 19. Rhd1 e5 20. Nd6 b5 21. axb6 Bxb6 22. Nc3 Nf8 23. Nc4 Nxe2 24. Kxe2 Bxe3 25. Kxe3 f6 26. Rxd8 Rxd8 27. Nd5 Ne6 28. Ra1 Bf7 29. Rxa6 Nd4 30. Ncb6 h5 31. h4 Bxd5 32. Nxd5 Rb8 33. Kd3 Kh7 34. Ra7 Kh6 35. Rc7 Ra8 36. Kc4 Ra2 37. b5 Rc2+ 38. Kb4 Rb2+ 39. Kc4 Rxb5 40. Ne7 Rb2 41. Kd5 Rxg2 42. f4 Rd2 43. fxe5 Nb5+ 44. Kc6 Nxc7 0-1

[Event "Grandmaster Tournament Blitz"]
[Site "Biel/Bienne, Switzerland"]
[Date "2019.07.27"]
[Round "5.2"]
[White "Abdusattorov, Nodirbek"]
[Black "Cori, Jorge"]
[Result "0-1"]
[ECO "C11"]
[WhiteElo "2550"]
[BlackElo "2558"]
[PlyCount "124"]
[EventDate "2019.??.??"]
[EventType "blitz"]
[TimeControl "3+2"]
[WhiteClock "0:00:07"]
[BlackClock "0:00:17"]

1. e4 e6 2. d4 d5 3. Nc3 Nf6 4. e5 Nfd7 5. f4 c5 6. Nf3 Nc6 7.
Be3 Be7 8. Qd2 Rb8 9. dxc5 Nxc5 10. Nd4 O-O 11. Bd3 Nxd3+ 12. cxd3 f6 13. O-O fxe5 14. fxe5 Nxd4 15. Bxd4 a6 16. a3 Bd7 17. Rxf8+ Qxf8 18. Rf1 Qe8 19. Ne2 Rc8 20. Ng3 Bb5 21. Ne2 h6 22. Be3 Kh7 23. Nd4 Bd7 24.
Ne2 Qh5 25. d4 Qg6 26. Nf4 Qe4 27. Rc1 Rxc1+ 28. Qxc1 Bg5 29. Qd2 Bb5 30. Kf2 Qb1 31. Qc1 Qf5 32. Kg1 Qe4 33. Qd2 Bc4 34. g3 Bxf4 35. Bxf4 Qf3 36. Qe1 Kg6 37. h4 Kf5 38. Qf2 Kg4 39. Qxf3+ Kxf3 40. h5 Bb5 41. Bd2 Be8 42. Bb4 Bxh5 43. Bf8 Bg6 44. Bxg7 h5 45. Bf8 Kxg3 46. Bb4 Kf3 47. Kh2 Bf5 48. a4 Ke3 49. Bc5 a5 50. Bb6 Bc2 51.
Bxa5 Kxd4 52. Kg3 Kxe5 53. Bc7+ Ke4 54. a5 d4 55. b4 Ba4 56.
Bf4 e5 57. Bh6 Kd3 58. Bg7 e4 59. Kf2 e3+ 60. Ke1 h4 61. Bf6 h3 62. Be5 Ke4 0-1

[Event "Grandmaster Tournament Blitz"]
[Site "Biel/Bienne, Switzerland"]
[Date "2019.07.27"]
[Round "5.3"]
[White "Maghsoodloo, Parham"]
[Black "Bogner, Sebastian"]
[Result "0-1"]
[ECO "A13"]
[WhiteElo "2719"]
[BlackElo "2584"]
[PlyCount "92"]
[EventDate "2019.??.??"]
[EventType "blitz"]
[TimeControl "3+2"]
[WhiteClock "0:00:10"]
[BlackClock "0:00:28"]

1. Nf3 d5 2. g3 Nf6 3. Bg2 e6 4. O-O c5 5. c4 d4 6. e3 Nc6 7. exd4 cxd4 8. d3 Bd6 9. Re1 O-O 10. b3 h6 11. Ba3 a5 12. Bxd6 Qxd6 13.
Nbd2 e5 14. a3 Bf5 15. Qc2 Nd7 16. Ne4 Qe7 17. h3 Bh7 18. g4 f5 19. gxf5 Bxf5 20. Qe2 Rf7 21. Nfd2 Raf8 22. Qh5 Bh7 23. Rac1 Qxa3 24. c5 Kh8 25. Qd1 Qb4 26. Rc4 Qa3 27. Ra4 Qb2 28. Nc4 Bxe4 29. Nxb2 Bxg2 30. Kxg2 Rxf2+ 31. Kg3 Rxb2 32. Rf1 Nf6 33. Ra1 e4 34. Rb1 Ra2 35. Ra1 Rb2 36. h4 Ne5 37. Rb1 Ra2 38. Ra1 Rb2 39. Rb1 Ra2 40.
Kh3 Nxd3 41. b4 axb4 42. Qb3 Nf2+ 43. Rxf2 Rxf2 44. Qxb4 Nd5 45. Qxd4 R8f3+ 46. Kg4 Nf6+ 0-1

[Event "Grandmaster Tournament Blitz"]
[Site "Biel/Bienne, Switzerland"]
[Date "2019.07.27"]
[Round "5.4"]
[White "Vidit, Santosh Gujrathi"]
[Black "Leko, Peter"]
[Result "1-0"]
[ECO "E05"]
[WhiteElo "2694"]
[BlackElo "2743"]
[PlyCount "125"]
[EventDate "2019.??.??"]
[EventType "blitz"]
[TimeControl "3+2"]
[WhiteClock "0:00:11"]
[BlackClock "0:00:20"]

1. d4 Nf6 2. c4 e6 3. g3 d5 4. Bg2 Be7 5. Nf3 O-O 6. O-O dxc4 7. Qc2 a6 8.
Qxc4 b5 9. Qc2 Bb7 10. Bd2 Bd6 11. Re1 Be4 12. Qc1 Bb7 13. Bg5 Nbd7 14. e4 Be7 15. Nbd2 c5 16. e5 Nd5 17. Bxe7 Qxe7 18. Ne4 cxd4 19. Qd2 Rfd8 20. Rac1 Qb4 21. Nd6 Qxd2 22. Nxd2 Rab8 23. Nxb7 Rxb7 24. Bxd5 exd5 25. Nb3 d3 26. Rcd1 Rc7 27. Rxd3 Nf8 28. Re2 Ne6 29. f4 g6 30. Kf2 h5 31. Red2 d4 32. Kf3 Kg7 33. h3 Rc4 34. g4 hxg4+ 35.
hxg4 f6 36. exf6+ Kxf6 37. Re2 Nc5 38. g5+ Kf7 39. Nxc5 Rxc5 40. Red2 Ke6 41. Rxd4 Rxd4 42. Rxd4 Rc2 43. Re4+ Kf7 44. Re2 Rc4 45. Kg4 Rc1 46. Rh2 Ke6 47. Re2+ Kf7 48. a3 Rg1+ 49. Kf3 Rb1 50. Rc2 a5 51. Rc7+ Kf8 52. Rc2 b4 53. axb4 axb4 54. Ke4 b3 55. Re2 Rd1 56. Re3 Rc1 57. Rxb3 Rc4+ 58. Ke5 Rc5+ 59. Kd6 Rc4 60. Ke5 Rc5+ 61. Ke6 Rc6+ 62. Kd5 Rc2 63. Rb7 1-0

[Event "Grandmaster Tournament Blitz"]
[Site "Biel/Bienne, Switzerland"]
[Date "2019.07.27"]
[Round "6.1"]
[White "Shankland, Sam"]
[Black "Leko, Peter"]
[Result "1/2-1/2"]
[ECO "D42"]
[WhiteElo "2660"]
[BlackElo "2743"]
[PlyCount "65"]
[EventDate "2019.??.??"]
[EventType "blitz"]
[TimeControl "3+2"]
[WhiteClock "0:00:40"]
[BlackClock "0:00:14"]

1. Nf3 Nf6 2. c4 c5 3. Nc3 Nc6 4. e3 e6 5. d4 d5 6. cxd5 Nxd5 7. Bd3 Be7 8. O-O O-O 9. Qe2 cxd4 10. exd4 Bd7 11. Rd1 Rc8 12. a3 Re8 13. h4 Nxc3 14. bxc3 g6 15. Bg5 Na5 16. c4 Bc6 17. Bxe7 Qxe7 18. h5 Bxf3 19. Qxf3 Nxc4 20. Bxc4 Rxc4 21. d5 exd5 22. Rxd5 b6 23. Rad1 Re4 24. g3 Re1+ 25. Rxe1 Qxe1+ 26. Kg2 Qe4 27. Qxe4 Rxe4 28. h6 Kf8 29. Rd8+ Re8 30. Rd7 Re7 31. Rd8+ Re8 32. Rd7 Re7 33. Rd8+ 1/2-1/2

[Event "Grandmaster Tournament Blitz"]
[Site "Biel/Bienne, Switzerland"]
[Date "2019.07.27"]
[Round "6.2"]
[White "Bogner, Sebastian"]
[Black "Vidit, Santosh Gujrathi"]
[Result "0-1"]
[ECO "C54"]
[WhiteElo "2584"]
[BlackElo "2694"]
[PlyCount "136"]
[EventDate "2019.??.??"]
[EventType "blitz"]
[TimeControl "3+2"]
[BlackClock "0:00:12"]

1. e4 e5 2. Nf3 Nc6 3. Bc4 Nf6 4. d3 Bc5 5. O-O O-O 6. Nbd2 d6 7. c3 a5 8. a4 Be6 9. h3 h6 10. Re1 Bxc4 11. Nxc4 Re8 12. Be3 Bxe3 13. Nxe3 d5 14. Qb3 dxe4 15. dxe4 Qc8 16. Nd5 Nd7 17. Rad1 Ne7 18. Qc4 Nxd5 19. exd5 Nb6 20. Qb3 Qd7 21. d6 Qxa4 22. Qxa4 Nxa4 23. dxc7 Rac8 24. Rxe5 Rxe5 25. Nxe5 Rxc7 26. Rd8+ Kh7 27. Nd3 Nc5 28.
Nxc5 Rxc5 29. Kf1 Rb5 30. Rd2 Kg6 31. Ke2 Kf6 32. Kd1 Ke6 33.
Kc2 Rd5 34. Re2+ Kd6 35. Re4 b5 36. b3 Rf5 37. f3 Re5 38.
Rd4+ Kc6 39. Rd2 g5 40. Rf2 h5 41. g4 h4 42. f4 gxf4 43. Rxf4 Re3 44. Rxf7 Rxh3 45.
Rh7 a4 46. bxa4 bxa4 47. Kb2 Kd5 48. g5 Ke6 49. g6 Kf6 50.
g7 Kf7 51. c4 Kg8 52. Rh5 a3+ 53. Ka2 Kxg7 54. c5 Kg6 55. Rh8 Kg5 56. c6 Rc3 57. Rg8+ Kf4 58. Rf8+ Kg3 59. Rg8+ Kh2 60. Rg6 h3 61. Ka1 Rc2 62. Kb1 a2+ 63. Ka1 Kh1 64. Rg3 h2 65. Rg6 Rg2 66. Rh6 Kg1 67.
c7 Rg8 68. Rg6+ Rxg6 0-1

[Event "Grandmaster Tournament Blitz"]
[Site "Biel/Bienne, Switzerland"]
[Date "2019.07.27"]
[Round "6.3"]
[White "Cori, Jorge"]
[Black "Maghsoodloo, Parham"]
[Result "0-1"]
[ECO "A85"]
[WhiteElo "2558"]
[BlackElo "2719"]
[PlyCount "134"]
[EventDate "2019.??.??"]
[EventType "blitz"]
[TimeControl "3+2"]
[WhiteClock "0:00:06"]
[BlackClock "0:00:46"]

1. d4 f5 2. Nf3 Nf6 3. c4 g6 4. Nc3 Bg7 5. e3 O-O 6. Be2 b6 7. O-O Bb7 8. b4 e6 9. a4 a5 10. b5 d6 11. Ba3 Nbd7 12. Rc1 Qe7 13.
Nd2 g5 14. Nb3 f4 15. exf4 gxf4 16. Bf3 Bxf3 17. Qxf3 e5 18. Rfe1 Qf7 19. d5 Kh8 20. Nd2 Rg8 21. Kh1 Bh6 22. Nce4 Rg6 23. Rg1 Rag8 24. g3 Qe8 25. Rce1 Qc8 26. Bc1 fxg3 27. fxg3 Bxd2 28. Bxd2 Nxe4 29. Rxe4 Rf6 30. Qh5 Nc5 31. Rh4 Qf5 32. Qxf5 Rxf5 33. g4 Rf3 34. g5 Rg6 35. Kg2 Rf7 36. Rh3 Nxa4 37. Rf3 Rgg7 38. Rgf1 Kg8 39. h4 Nb2 40. Rc3 h5 41. Ra1 e4 42. Re3 Nxc4 43. Re2 Nxd2 44. Rxd2 Rf4 45. Kh3 Rgf7 46. Rg2 Rf3+ 47. Rg3 Rxg3+ 48. Kxg3 e3 49. Re1 Re7 50. Kf3 a4 51. Ke2 Re4 52. Rc1 a3 53. Rxc7 Ra4 54. Rc1 a2 55. Ra1 Ra3 56. Kf3 Kg7 57. Ke2 Kg6 58. Kf3 Kf5 59. Ke2 Ke5 60. Kf3 Kxd5 61. Ke2 Ke6 62. Kf3 d5 63. Ke2 d4 64. Kf3 Kf5 65. Ke2 Ke4 66. g6 d3+ 67. Kf1 Ra7 0-1